New York Rangers vs Detroit Red Wings
Created - Wednesday, March 20, 2024 at 09:02
Goals
|
| New York Rangers |
1 |
0 |
1 |
0 |
2 |
3 |
| Detroit Red Wings |
0 |
1 |
1 |
0 |
0 |
2 |
|
Shots
|
| New York Rangers |
7 |
12 |
7 |
6 |
2 |
32 |
| Detroit Red Wings |
5 |
22 |
7 |
1 |
2 |
35 |
|
1st period
1. New York Rangers , Mathew Barzal 15 (Matthew Benning 4, Nathan MacKinnon 19) at 6:12
Penalties :
Zach Bogosian (DET) for Hooking (Minor) at 1:15, Nathan MacKinnon (NYR) for Holding (Minor) at 17:06
2nd period
2. Detroit Red Wings , Jared McCann 10 (Daniel Sprong 14, Patrick Kane 17) at 5:51
Penalties :
Adam Larsson (NYR) for Hooking (Minor) at 11:50, Jordie Benn (DET) for Delaying the game (Minor) at 17:15
3rd period
3. Detroit Red Wings , Jared McCann 11 (MacKenzie Weegar 12, Anthony Cirelli 9) at 10:26
4. New York Rangers , Conor Garland 8 (Gabriel Landeskog 18, Jake McCabe 7) at 13:58
Penalties :
Dmitry Kulikov (NYR) for Tripping (Minor) at 7:42, Mark Giordano (NYR) for Hooking (Minor) at 14:07
Overtime #1
No Goal
Penalties :
No Penalty
Shootout
New York Rangers, Artemi Panarin - Goal!
Detroit Red Wings, Mika Zibanejad - Stopped by Igor Shesterkin
New York Rangers, Cole Caufield - Goal!
Detroit Red Wings, Steven Stamkos - Stopped by Igor Shesterkin
Penalties :
No Penalty
Goalie Stats
Igor Shesterkin (NYR), 33 saves from 35 shots - (0.943), W, 19-7-3, 65:00 minutes
Vitek Vanecek (DET), 30 saves from 32 shots - (0.938), OTL, 13-10-4, 65:00 minutes
Players Stats for New York Rangers
Player Name G A P +/- PIM S H SB GA TA FO MP PP MP PK MP
------------------------------------------------------------------------------------
Adam Larsson 0 0 0 -1 2 0 4 1 0 1 0/0 24:36 2:22 3:45
Artemi Panarin 0 0 0 0 0 5 1 1 0 0 1/1 18:54 2:23 0:00
Cam Fowler 0 0 0 -1 0 1 0 0 0 0 0/0 19:00 0:00 0:30
Cole Caufield 0 0 0 0 0 3 1 3 1 0 1/3 20:11 1:35 0:00
Conor Garland 1 0 1 0 0 2 0 1 0 0 0/0 11:48 0:00 0:00
David Kampf 0 0 0 0 0 0 0 0 1 0 2/4 9:47 0:00 4:06
Dmitry Kulikov 0 0 0 -1 2 1 1 2 0 0 0/0 20:52 0:00 2:49
Eric Robinson 0 0 0 0 0 1 1 1 0 0 0/1 9:32 0:00 3:47
Filip Chytil 0 0 0 0 0 1 0 1 0 0 7/13 13:26 1:36 0:00
Gabriel Landeskog 0 1 1 0 0 5 3 0 0 0 0/0 14:21 1:35 0:00
Jake McCabe 0 1 1 2 0 0 2 2 0 1 0/0 18:26 0:00 2:22
Mark Giordano 0 0 0 -1 2 1 1 2 0 0 0/0 22:29 1:36 2:51
Mathew Barzal 1 0 1 0 0 5 1 0 1 0 1/2 19:00 2:22 0:06
Matthew Benning 0 1 1 2 0 0 1 2 0 0 0/0 19:49 0:00 3:35
Mikael Granlund 0 0 0 0 0 1 1 0 0 0 2/6 18:50 1:35 3:44
Nathan MacKinnon 0 1 1 0 2 2 2 2 0 1 9/21 21:38 2:23 0:00
Pierre-Luc Dubois 0 0 0 0 0 3 0 0 0 0 12/28 18:55 2:23 0:03
Tyler Motte 0 0 0 0 0 1 0 0 0 0 0/0 10:26 0:00 4:06
Players Stats for Detroit Red Wings
Player Name G A P +/- PIM S H SB GA TA FO MP PP MP PK MP
------------------------------------------------------------------------------------
Alexander Barabanov 0 0 0 0 0 1 0 0 0 0 0/1 16:45 0:00 0:00
Anthony Cirelli 0 1 1 2 0 2 2 0 0 0 9/14 13:13 0:00 1:44
Arthur Kaliyev 0 0 0 -1 0 0 0 0 0 0 0/0 11:16 3:56 0:00
Carter Verhaeghe 0 0 0 -1 0 5 0 0 0 0 0/0 20:19 3:57 0:00
Daniel Sprong 0 1 1 1 0 0 0 0 0 0 0/0 15:18 4:10 0:00
Jared McCann 2 0 2 2 0 5 0 0 0 0 0/0 11:56 0:00 1:44
Jonathan Huberdeau 0 0 0 -1 0 1 0 1 1 0 0/0 7:27 0:00 0:00
Jordie Benn 0 0 0 0 2 0 1 1 0 1 0/0 18:54 0:00 1:10
Josh Bailey 0 0 0 0 0 2 0 1 0 0 2/3 11:21 0:04 2:14
Kevin Shattenkirk 0 0 0 0 0 3 4 0 0 1 0/0 30:06 3:47 2:00
MacKenzie Weegar 0 1 1 0 0 6 2 1 0 0 0/0 29:59 3:47 1:58
Matthew Boldy 0 0 0 -1 0 2 0 0 1 0 2/2 18:43 3:57 0:00
Mika Zibanejad 0 0 0 -1 0 3 3 1 0 0 14/28 22:35 3:57 2:14
Patrick Kane 0 1 1 0 0 0 2 0 1 0 1/3 19:55 3:58 0:00
Philippe Myers 0 0 0 0 0 0 1 1 0 0 0/0 11:51 0:00 0:48
Shayne Gostisbehere 0 0 0 0 0 3 0 3 0 0 0/0 23:59 4:09 2:00
Steven Stamkos 0 0 0 0 0 1 1 0 0 1 16/28 21:16 3:58 0:00
Zach Bogosian 0 0 0 0 2 1 1 0 0 0 0/0 11:07 0:00 0:00
3 Stars
1 - Jared McCann (DET)
2 - Igor Shesterkin (NYR)
3 - Jake McCabe (NYR)
Power Play
New York Rangers - 0 on 2 Attempt(s) - 0.00%
Detroit Red Wings - 0 on 4 Attempt(s) - 0.00%
Penalty Kill
New York Rangers - 4 on 4 Attempt(s) - 100.00%
- Score 0 goal in Penalty Kill
Detroit Red Wings - 2 on 2 Attempt(s) - 100.00%
- Score 0 goal in Penalty Kill
Team Stat
New York Rangers - Hits : 19 - Faceoff Wins : 35 - Blocked Shots : 18 - Penalty Minutes : 8
Detroit Red Wings - Hits : 17 - Faceoff Wins : 44 - Blocked Shots : 9 - Penalty Minutes : 4
Official
Referees : Justin StPierre and Frederick L'Ecuyer
Linesman : Lonnie Cameron and Thor Nelson
Game Notes
No Game Note
Finance
Level 1 -- Attendance: 4623 (77.05%) -- Ticket Income $462,300
Level 2 -- Attendance: 3396 (67.92%) -- Ticket Income $203,760
Level 3 -- Attendance: 2112 (70.40%) -- Ticket Income $73,920
Level 4 -- Attendance: 3553 (71.06%) -- Ticket Income $88,825
Luxury Box -- Attendance: 770 (77.00%) -- Ticket Income $154,000
Game was played at the Joe Louis Arena.
Total Attendance: 14454 (72.27%)
Total Ticket Income: $982,805
Other Income: $343,982
Total Income: $1,326,787
New York Rangers
5 vs 5 Forward
Center Left Wing Right Wing Time % Phy DF OF
1 Nathan MacKinnon Cole Caufield Mathew Barzal 35 0 1 4
2 Pierre-Luc Dubois Artemi Panarin Mikael Granlund 30 1 1 3
3 Filip Chytil Conor Garland Gabriel Landeskog 23 1 2 2
4 David Kampf Eric Robinson Tyler Motte 12 1 3 1
5 vs 5 Defense
Defense Defense Time % Phy DF OF
1 Cam Fowler Dmitry Kulikov 35 1 2 2
2 Adam Larsson Mark Giordano 33 1 2 2
3 Matthew Benning Jake McCabe 32 1 2 2
4 Cam Fowler Adam Larsson 0 1 2 2
PowerPlay Forward
Center Left Wing Right Wing Time % Phy DF OF
1 Pierre-Luc Dubois Nathan MacKinnon Artemi Panarin 50 0 1 4
2 Mikael Granlund Gabriel Landeskog Cole Caufield 50 0 1 4
PowerPlay Defense
Defense Defense Time % Phy DF OF
1 Mathew Barzal Adam Larsson 60 1 1 3
2 Filip Chytil Mark Giordano 40 1 1 3
Penalty Kill 4 Players Forward
Center Wing Time % Phy DF OF
1 David Kampf Tyler Motte 50 1 3 1
2 Mikael Granlund Eric Robinson 50 1 3 1
Penalty Kill 4 Players Defense
Defense Defense Time % Phy DF OF
1 Matthew Benning Dmitry Kulikov 50 1 3 1
2 Adam Larsson Mark Giordano 50 1 3 1
Penalty Kill - 3 Players Forward
Forward Time % Phy DF OF
1 Mikael Granlund 50 1 2 2
2 David Kampf 50 1 2 2
Penalty Kill - 3 Players Defense
Defense Defense Time % Phy DF OF
1 Matthew Benning Dmitry Kulikov 50 1 3 1
2 Adam Larsson Mark Giordano 50 1 3 1
4 vs 4 Forward
Center Wing Time % Phy DF OF
1 Nathan MacKinnon Artemi Panarin 50 0 2 3
2 Pierre-Luc Dubois Cole Caufield 50 0 2 3
4 vs 4 Defense
Defense Defense Time % Phy DF OF
1 Cam Fowler Adam Larsson 50 1 2 2
2 Dmitry Kulikov Mark Giordano 50 1 2 2
Last Minutes Offensive
Center Left Wing Right Wing Defense Defense
Nathan MacKinnon Artemi Panarin Pierre-Luc Dubois Cam Fowler Adam Larsson
Last Minutes Defensive
Center Left Wing Right Wing Defense Defense
David Kampf Tyler Motte Mikael Granlund Dmitry Kulikov Adam Larsson
Goaltenders
Starting : Igor Shesterkin
Backup : Tristan Jarry
Extra Forwards
Normal : Nathan MacKinnon, Pierre-Luc Dubois, Gabriel Landeskog - PP : Gabriel Landeskog, Cole Caufield - PK : David Kampf
Extra Defensemen
Normal : Matthew Benning, Jake McCabe, Dmitry Kulikov - PP : Matthew Benning - PK : Jake McCabe, Dmitry Kulikov
Penalty Shots
Artemi Panarin, Cole Caufield, Pierre-Luc Dubois, Mark Giordano, Nathan MacKinnon
Detroit Red Wings
5 vs 5 Forward
Center Left Wing Right Wing Time % Phy DF OF
1 Steven Stamkos Alexander Barabanov Patrick Kane 35 0 1 4
2 Mika Zibanejad Carter Verhaeghe Matthew Boldy 30 1 2 2
3 Anthony Cirelli Jared McCann Daniel Sprong 25 1 2 2
4 Josh Bailey Jonathan Huberdeau Arthur Kaliyev 10 1 2 2
5 vs 5 Defense
Defense Defense Time % Phy DF OF
1 Kevin Shattenkirk MacKenzie Weegar 40 1 2 2
2 Jordie Benn Shayne Gostisbehere 30 1 2 2
3 Zach Bogosian Philippe Myers 20 3 1 1
4 Kevin Shattenkirk MacKenzie Weegar 10 1 2 2
PowerPlay Forward
Center Left Wing Right Wing Time % Phy DF OF
1 Steven Stamkos Arthur Kaliyev Patrick Kane 50 0 1 4
2 Mika Zibanejad Carter Verhaeghe Matthew Boldy 50 0 1 4
PowerPlay Defense
Defense Defense Time % Phy DF OF
1 Kevin Shattenkirk MacKenzie Weegar 50 1 2 2
2 Shayne Gostisbehere Daniel Sprong 50 1 2 2
Penalty Kill 4 Players Forward
Center Wing Time % Phy DF OF
1 Anthony Cirelli Jared McCann 50 2 2 1
2 Mika Zibanejad Josh Bailey 50 2 2 1
Penalty Kill 4 Players Defense
Defense Defense Time % Phy DF OF
1 Jordie Benn MacKenzie Weegar 50 2 2 1
2 Kevin Shattenkirk Shayne Gostisbehere 50 2 2 1
Penalty Kill - 3 Players Forward
Forward Time % Phy DF OF
1 Mika Zibanejad 50 1 2 2
2 Anthony Cirelli 50 1 2 2
Penalty Kill - 3 Players Defense
Defense Defense Time % Phy DF OF
1 Jordie Benn MacKenzie Weegar 50 1 2 2
2 Kevin Shattenkirk Shayne Gostisbehere 50 2 2 1
4 vs 4 Forward
Center Wing Time % Phy DF OF
1 Mika Zibanejad Carter Verhaeghe 60 1 2 2
2 Steven Stamkos Matthew Boldy 40 1 1 3
4 vs 4 Defense
Defense Defense Time % Phy DF OF
1 Kevin Shattenkirk MacKenzie Weegar 60 1 2 2
2 Jordie Benn Shayne Gostisbehere 40 1 2 2
Last Minutes Offensive
Center Left Wing Right Wing Defense Defense
Mika Zibanejad Carter Verhaeghe Matthew Boldy Kevin Shattenkirk MacKenzie Weegar
Last Minutes Defensive
Center Left Wing Right Wing Defense Defense
Mika Zibanejad Carter Verhaeghe Matthew Boldy Kevin Shattenkirk MacKenzie Weegar
Goaltenders
Starting : Vitek Vanecek
Backup : Laurent Brossoit
Extra Forwards
Normal : Josh Bailey, Daniel Sprong, Arthur Kaliyev - PP : Josh Bailey, Arthur Kaliyev - PK : Jared McCann
Extra Defensemen
Normal : Philippe Myers, Jordie Benn, Shayne Gostisbehere - PP : Kevin Shattenkirk - PK : Philippe Myers, MacKenzie Weegar
Penalty Shots
Mika Zibanejad, Steven Stamkos, Matthew Boldy, Carter Verhaeghe, Jared McCann
% Time on Ice - New York Rangers
Lines # - Real PCT - Wanted PCT - Time Play
Normal Forward
1 - 35% - 35% - 16:51
2 - 30% - 30% - 14:13
3 - 24% - 23% - 11:44
4 - 11% - 12% - 5:18
Normal Defense
1 - 35% - 35% - 16:40
2 - 32% - 33% - 15:36
3 - 32% - 32% - 15:15
4 - 1% - 0% - 0:35
PP Forward
1 - 60% - 50% - 2:23
2 - 40% - 50% - 1:35
PP Defense
1 - 60% - 60% - 2:22
2 - 40% - 40% - 1:36
PK Forward
1 - 52% - 50% - 4:06
2 - 48% - 50% - 3:50
PK Defense
1 - 47% - 50% - 3:46
2 - 53% - 50% - 4:10
PK3 Forward
1 - 0% - 50%
2 - 0% - 50%
PK3 Defense
1 - 0% - 50%
2 - 0% - 50%
44 Forward
1 - 52% - 50% - 2:37
2 - 48% - 50% - 2:23
44 Defense
1 - 52% - 50% - 2:35
2 - 48% - 50% - 2:25
Last Minute Offensive - 0:00
Last Minute Defensive - 0:00
Total
Forward - 65:00
Defense - 65:00
|
% Time on Ice - Detroit Red Wings
Lines # - Real PCT - Wanted PCT - Time Play
Normal Forward
1 - 35% - 35% - 16:36
2 - 30% - 30% - 14:38
3 - 21% - 25% - 10:00
4 - 14% - 10% - 6:52
Normal Defense
1 - 41% - 40% - 19:37
2 - 32% - 30% - 15:30
3 - 23% - 20% - 11:02
4 - 4% - 10% - 1:57
PP Forward
1 - 50% - 50% - 3:59
2 - 50% - 50% - 3:57
PP Defense
1 - 48% - 50% - 3:47
2 - 52% - 50% - 4:09
PK Forward
1 - 44% - 50% - 1:44
2 - 56% - 50% - 2:14
PK Defense
1 - 50% - 50% - 1:58
2 - 50% - 50% - 2:00
PK3 Forward
1 - 0% - 50%
2 - 0% - 50%
PK3 Defense
1 - 0% - 50%
2 - 0% - 50%
44 Forward
1 - 73% - 60% - 3:39
2 - 27% - 40% - 1:21
44 Defense
1 - 53% - 60% - 2:40
2 - 47% - 40% - 2:20
Last Minute Offensive - 0:00
Last Minute Defensive - 0:00
Total
Forward - 65:00
Defense - 65:00
|
Play-by-Play
1st period
0:01 of 1st period - Nathan MacKinnon wins face-off versus Steven Stamkos in neutral zone.
0:26 of 1st period - Dmitry Kulikov is hit by Mika Zibanejad and loses puck.
0:48 of 1st period - Off-side.
0:49 of 1st period - Anthony Cirelli wins face-off versus Filip Chytil in neutral zone.
1:15 of 1st period - Minor Penalty to Zach Bogosian for Hooking.
1:16 of 1st period - Pierre-Luc Dubois wins face-off versus Anthony Cirelli in Detroit Red Wings zone.
1:26 of 1st period - Icing by Adam Larsson.
1:27 of 1st period - Pierre-Luc Dubois wins face-off versus Mika Zibanejad in New York Rangers zone.
1:34 of 1st period - Shayne Gostisbehere is hit by Nathan MacKinnon and loses puck.
2:19 of 1st period - MacKenzie Weegar is hit by Artemi Panarin and loses puck.
2:32 of 1st period - Wrist shot by Artemi Panarin.
2:32 of 1st period - Shot Misses the Net.
2:34 of 1st period - Wrist shot by Artemi Panarin.
2:34 of 1st period - Stopped by Vitek Vanecek without a rebound.
2:35 of 1st period - Cole Caufield wins face-off versus Mika Zibanejad in Detroit Red Wings zone.
2:44 of 1st period - Slapshot by Cole Caufield.
2:44 of 1st period - Stopped by Vitek Vanecek without a rebound.
2:45 of 1st period - Mika Zibanejad wins face-off versus Mikael Granlund in Detroit Red Wings zone.
3:15 of 1st period - Penalty to Zach Bogosian is over, Zach Bogosian is back on ice.
3:20 of 1st period - Wrist shot by Gabriel Landeskog.
3:20 of 1st period - Stopped by Vitek Vanecek without a rebound.
3:21 of 1st period - David Kampf wins face-off versus Steven Stamkos in Detroit Red Wings zone.
3:53 of 1st period - Snap shot by Carter Verhaeghe.
3:53 of 1st period - Stopped by Igor Shesterkin with a rebound.
3:55 of 1st period - Slapshot by MacKenzie Weegar.
3:55 of 1st period - Shot Blocked by Jake McCabe.
3:57 of 1st period - Slapshot by MacKenzie Weegar.
3:57 of 1st period - Stopped by Igor Shesterkin with a rebound.
4:07 of 1st period - Snap shot by Jonathan Huberdeau.
4:07 of 1st period - Shot Blocked by Matthew Benning.
4:23 of 1st period - Wrist shot by Cole Caufield.
4:23 of 1st period - Shot Blocked by Shayne Gostisbehere.
5:43 of 1st period - Wrist shot by Mathew Barzal.
5:43 of 1st period - Shot Blocked by Josh Bailey.
5:45 of 1st period - Snap shot by Mathew Barzal.
5:45 of 1st period - Stopped by Vitek Vanecek with a rebound.
6:10 of 1st period - Slapshot by Mathew Barzal.
6:10 of 1st period - Stopped by Vitek Vanecek with a rebound.
6:12 of 1st period - Wrist shot by Matthew Benning.
6:12 of 1st period - Deflect By Mathew Barzal.
6:12 of 1st period - Goal by Mathew Barzal - New York Rangers : 1 - Detroit Red Wings : 0.
6:13 of 1st period - Steven Stamkos wins face-off versus Pierre-Luc Dubois in neutral zone.
7:07 of 1st period - Wrist shot by Jared McCann.
7:07 of 1st period - Shot Blocked by Dmitry Kulikov.
7:23 of 1st period - Gabriel Landeskog is hit by Zach Bogosian and loses puck.
8:25 of 1st period - Patrick Kane is hit by Adam Larsson and loses puck.
10:25 of 1st period - Anthony Cirelli is hit by Jake McCabe and loses puck.
11:18 of 1st period - Mikael Granlund is hit by Kevin Shattenkirk and loses puck.
11:31 of 1st period - Slapshot by Jared McCann.
11:31 of 1st period - Deflect By Daniel Sprong.
11:31 of 1st period - Shot Misses the Net.
11:31 of 1st period - Puck is out of play.
11:32 of 1st period - Pierre-Luc Dubois wins face-off versus Anthony Cirelli in New York Rangers zone.
12:11 of 1st period - Matthew Benning is hit by Mika Zibanejad and loses puck.
12:35 of 1st period - Dmitry Kulikov is hit by Philippe Myers and loses puck.
12:42 of 1st period - Wrist shot by Daniel Sprong.
12:42 of 1st period - Deflect By Anthony Cirelli.
12:42 of 1st period - Stopped by Igor Shesterkin without a rebound.
12:43 of 1st period - Pierre-Luc Dubois wins face-off versus Steven Stamkos in New York Rangers zone.
13:20 of 1st period - Wrist shot by Carter Verhaeghe.
13:20 of 1st period - Shot Misses the Net.
13:40 of 1st period - Snap shot by Nathan MacKinnon.
13:40 of 1st period - Shot Misses the Net.
14:05 of 1st period - Off-side.
14:06 of 1st period - Pierre-Luc Dubois wins face-off versus Steven Stamkos in neutral zone.
14:11 of 1st period - Wrist shot by Artemi Panarin.
14:11 of 1st period - Shot Misses the Net.
14:55 of 1st period - MacKenzie Weegar is hit by Matthew Benning and loses puck.
15:28 of 1st period - Wrist shot by Artemi Panarin.
15:28 of 1st period - Stopped by Vitek Vanecek without a rebound.
15:29 of 1st period - Matthew Boldy wins face-off versus Cole Caufield in Detroit Red Wings zone.
15:29 of 1st period - Matthew Boldy is hit by Dmitry Kulikov.
15:35 of 1st period - Slapshot by Carter Verhaeghe.
15:35 of 1st period - Stopped by Igor Shesterkin without a rebound.
15:36 of 1st period - Mika Zibanejad wins face-off versus Nathan MacKinnon in New York Rangers zone.
16:00 of 1st period - Icing by Philippe Myers.
16:01 of 1st period - Pierre-Luc Dubois wins face-off versus Mika Zibanejad in Detroit Red Wings zone.
16:32 of 1st period - Wrist shot by Steven Stamkos.
16:32 of 1st period - Stopped by Igor Shesterkin without a rebound.
16:33 of 1st period - Mathew Barzal wins face-off versus Steven Stamkos in New York Rangers zone.
16:33 of 1st period - Mathew Barzal is hit by Patrick Kane.
16:58 of 1st period - Nathan MacKinnon is hit by Kevin Shattenkirk and loses puck.
17:06 of 1st period - Minor Penalty to Nathan MacKinnon for Holding.
17:07 of 1st period - Mika Zibanejad wins face-off versus David Kampf in New York Rangers zone.
17:33 of 1st period - Patrick Kane is hit by Adam Larsson.
19:06 of 1st period - Penalty to Nathan MacKinnon is over, Nathan MacKinnon is back on ice.
19:16 of 1st period - David Kampf is hit by Anthony Cirelli and loses puck.
19:27 of 1st period - Snap shot by Gabriel Landeskog.
19:27 of 1st period - Shot Misses the Net.
19:56 of 1st period - Wrist shot by Mathew Barzal.
19:56 of 1st period - Shot Blocked by Philippe Myers.
Goals for this period are 1 for New York Rangers vs 0 for Detroit Red Wings.
Shots for this period are 7 for New York Rangers vs 5 for Detroit Red Wings.
2nd period
0:01 of 2nd period - Steven Stamkos wins face-off versus Pierre-Luc Dubois in neutral zone.
0:15 of 2nd period - Wrist shot by Artemi Panarin.
0:15 of 2nd period - Stopped by Vitek Vanecek with a rebound.
0:17 of 2nd period - Snap shot by Mikael Granlund.
0:17 of 2nd period - Shot Misses the Net.
0:50 of 2nd period - Backhand shot by Mathew Barzal.
0:50 of 2nd period - Shot Hit the Post.
1:33 of 2nd period - Snap shot by Pierre-Luc Dubois.
1:33 of 2nd period - Stopped by Vitek Vanecek without a rebound.
1:34 of 2nd period - Artemi Panarin wins face-off versus Mika Zibanejad in Detroit Red Wings zone.
1:39 of 2nd period - Wrist shot by Artemi Panarin.
1:39 of 2nd period - Shot Misses the Net.
1:41 of 2nd period - Wrist shot by Pierre-Luc Dubois.
1:41 of 2nd period - Shot Misses the Net.
1:43 of 2nd period - Wrist shot by Artemi Panarin.
1:43 of 2nd period - Shot Misses the Net.
1:45 of 2nd period - Snap shot by Adam Larsson.
1:45 of 2nd period - Shot Misses the Net.
1:51 of 2nd period - Snap shot by Artemi Panarin.
1:51 of 2nd period - Shot Misses the Net.
1:53 of 2nd period - Snap shot by Pierre-Luc Dubois.
1:53 of 2nd period - Stopped by Vitek Vanecek without a rebound.
1:54 of 2nd period - Filip Chytil wins face-off versus Steven Stamkos in Detroit Red Wings zone.
2:34 of 2nd period - Shayne Gostisbehere is hit by Cole Caufield.
2:53 of 2nd period - Off-side.
2:54 of 2nd period - Anthony Cirelli wins face-off versus Filip Chytil in neutral zone.
2:59 of 2nd period - Slapshot by Daniel Sprong.
2:59 of 2nd period - Shot Misses the Net.
3:01 of 2nd period - Wrist shot by Anthony Cirelli.
3:01 of 2nd period - Stopped by Igor Shesterkin with a rebound.
3:03 of 2nd period - Slapshot by Kevin Shattenkirk.
3:03 of 2nd period - Deflect By Jared McCann.
3:03 of 2nd period - Shot Misses the Net.
3:03 of 2nd period - Puck is out of play.
3:04 of 2nd period - Filip Chytil wins face-off versus Anthony Cirelli in New York Rangers zone.
3:09 of 2nd period - Snap shot by Daniel Sprong.
3:09 of 2nd period - Shot Blocked by Mark Giordano.
3:11 of 2nd period - Slapshot by Jared McCann.
3:11 of 2nd period - Stopped by Igor Shesterkin without a rebound.
3:12 of 2nd period - Mika Zibanejad wins face-off versus Pierre-Luc Dubois in New York Rangers zone.
3:13 of 2nd period - Snap shot by Matthew Boldy.
3:13 of 2nd period - Shot Misses the Net.
3:15 of 2nd period - Slapshot by MacKenzie Weegar.
3:15 of 2nd period - Stopped by Igor Shesterkin with a rebound.
3:17 of 2nd period - Slapshot by MacKenzie Weegar.
3:17 of 2nd period - Shot Misses the Net.
3:19 of 2nd period - Snap shot by Mika Zibanejad.
3:19 of 2nd period - Shot Blocked by Adam Larsson.
3:21 of 2nd period - Slapshot by MacKenzie Weegar.
3:21 of 2nd period - Shot Blocked by Mark Giordano.
3:23 of 2nd period - Slapshot by Kevin Shattenkirk.
3:23 of 2nd period - Deflect By Mikael Granlund.
3:23 of 2nd period - Stopped by Igor Shesterkin without a rebound.
3:24 of 2nd period - Anthony Cirelli wins face-off versus Pierre-Luc Dubois in New York Rangers zone.
3:35 of 2nd period - Wrist shot by Jared McCann.
3:35 of 2nd period - Stopped by Igor Shesterkin without a rebound.
3:36 of 2nd period - Mika Zibanejad wins face-off versus Pierre-Luc Dubois in New York Rangers zone.
3:43 of 2nd period - Snap shot by Carter Verhaeghe.
3:43 of 2nd period - Stopped by Igor Shesterkin without a rebound.
3:44 of 2nd period - Pierre-Luc Dubois wins face-off versus Mika Zibanejad in New York Rangers zone.
3:53 of 2nd period - Snap shot by Mika Zibanejad.
3:53 of 2nd period - Shot Misses the Net.
3:55 of 2nd period - Snap shot by Mika Zibanejad.
3:55 of 2nd period - Deflect By Matthew Boldy.
3:55 of 2nd period - Stopped by Igor Shesterkin without a rebound.
3:56 of 2nd period - Steven Stamkos wins face-off versus Pierre-Luc Dubois in New York Rangers zone.
5:35 of 2nd period - Slapshot by Artemi Panarin.
5:35 of 2nd period - Stopped by Vitek Vanecek with a rebound.
5:37 of 2nd period - Slapshot by Mikael Granlund.
5:37 of 2nd period - Shot Blocked by Shayne Gostisbehere.
5:49 of 2nd period - Snap shot by Jared McCann.
5:49 of 2nd period - Stopped by Igor Shesterkin with a rebound.
5:51 of 2nd period - Wrist shot by Jared McCann.
5:51 of 2nd period - Goal by Jared McCann - New York Rangers : 1 - Detroit Red Wings : 1.
5:52 of 2nd period - Steven Stamkos wins face-off versus Nathan MacKinnon in neutral zone.
5:57 of 2nd period - Snap shot by Steven Stamkos.
5:57 of 2nd period - Shot Blocked by Cole Caufield.
5:59 of 2nd period - Slapshot by MacKenzie Weegar.
5:59 of 2nd period - Stopped by Igor Shesterkin without a rebound.
6:00 of 2nd period - Nathan MacKinnon wins face-off versus Patrick Kane in New York Rangers zone.
6:00 of 2nd period - Nathan MacKinnon is hit by MacKenzie Weegar.
6:22 of 2nd period - Wrist shot by Alexander Barabanov.
6:22 of 2nd period - Stopped by Igor Shesterkin without a rebound.
6:23 of 2nd period - Mika Zibanejad wins face-off versus Pierre-Luc Dubois in New York Rangers zone.
6:32 of 2nd period - Snap shot by Mika Zibanejad.
6:32 of 2nd period - Shot Blocked by Artemi Panarin.
6:34 of 2nd period - Backhand shot by Shayne Gostisbehere.
6:34 of 2nd period - Stopped by Igor Shesterkin without a rebound.
6:35 of 2nd period - Filip Chytil wins face-off versus Anthony Cirelli in New York Rangers zone.
6:47 of 2nd period - Wrist shot by Anthony Cirelli.
6:47 of 2nd period - Shot Misses the Net.
6:58 of 2nd period - Icing by Jared McCann.
6:59 of 2nd period - Nathan MacKinnon wins face-off versus Mika Zibanejad in Detroit Red Wings zone.
7:31 of 2nd period - Matthew Benning is hit by Kevin Shattenkirk and loses puck.
7:38 of 2nd period - Backhand shot by Alexander Barabanov.
7:38 of 2nd period - Shot Misses the Net.
7:57 of 2nd period - Snap shot by Josh Bailey.
7:57 of 2nd period - Stopped by Igor Shesterkin without a rebound.
7:58 of 2nd period - Josh Bailey wins face-off versus Nathan MacKinnon in New York Rangers zone.
8:09 of 2nd period - Slapshot by Cole Caufield.
8:09 of 2nd period - Shot Blocked by Jordie Benn.
8:11 of 2nd period - Slapshot by Nathan MacKinnon.
8:11 of 2nd period - Shot Blocked by Jonathan Huberdeau.
8:13 of 2nd period - Backhand shot by Mathew Barzal.
8:13 of 2nd period - Stopped by Vitek Vanecek without a rebound.
8:14 of 2nd period - Filip Chytil wins face-off versus Anthony Cirelli in Detroit Red Wings zone.
8:22 of 2nd period - Icing by Jordie Benn.
8:23 of 2nd period - Anthony Cirelli wins face-off versus Filip Chytil in Detroit Red Wings zone.
9:02 of 2nd period - Snap shot by Anthony Cirelli.
9:02 of 2nd period - Shot Misses the Net.
9:04 of 2nd period - Wrist shot by Shayne Gostisbehere.
9:04 of 2nd period - Shot Blocked by Filip Chytil.
9:06 of 2nd period - Slapshot by Jordie Benn.
9:06 of 2nd period - Shot Misses the Net.
9:09 of 2nd period - Icing by Conor Garland.
9:10 of 2nd period - Filip Chytil wins face-off versus Steven Stamkos in New York Rangers zone.
9:19 of 2nd period - Snap shot by Conor Garland.
9:19 of 2nd period - Shot Misses the Net.
9:21 of 2nd period - Snap shot by Mark Giordano.
9:21 of 2nd period - Stopped by Vitek Vanecek with a rebound.
9:23 of 2nd period - Wrist shot by Conor Garland.
9:23 of 2nd period - Shot Misses the Net.
9:25 of 2nd period - Snap shot by Filip Chytil.
9:25 of 2nd period - Stopped by Vitek Vanecek with a rebound.
9:27 of 2nd period - Wrist shot by Gabriel Landeskog.
9:27 of 2nd period - Stopped by Vitek Vanecek without a rebound.
9:28 of 2nd period - Nathan MacKinnon wins face-off versus Mika Zibanejad in Detroit Red Wings zone.
9:31 of 2nd period - Wrist shot by Mathew Barzal.
9:31 of 2nd period - Deflect By Kevin Shattenkirk.
9:31 of 2nd period - Stopped by Vitek Vanecek with a rebound.
9:55 of 2nd period - Patrick Kane is hit by Mikael Granlund and loses puck.
10:25 of 2nd period - Wrist shot by Jonathan Huberdeau.
10:25 of 2nd period - Stopped by Igor Shesterkin without a rebound.
10:26 of 2nd period - Nathan MacKinnon wins face-off versus Josh Bailey in New York Rangers zone.
10:41 of 2nd period - Wrist shot by Shayne Gostisbehere.
10:41 of 2nd period - Stopped by Igor Shesterkin without a rebound.
10:42 of 2nd period - Mika Zibanejad wins face-off versus Pierre-Luc Dubois in New York Rangers zone.
11:06 of 2nd period - Icing by Mikael Granlund.
11:07 of 2nd period - Nathan MacKinnon wins face-off versus Alexander Barabanov in New York Rangers zone.
11:31 of 2nd period - Icing by Nathan MacKinnon.
11:32 of 2nd period - Mika Zibanejad wins face-off versus Pierre-Luc Dubois in New York Rangers zone.
11:47 of 2nd period - Snap shot by Mika Zibanejad.
11:47 of 2nd period - Stopped by Igor Shesterkin without a rebound.
11:48 of 2nd period - Nathan MacKinnon wins face-off versus Steven Stamkos in New York Rangers zone.
11:50 of 2nd period - Minor Penalty to Adam Larsson for Hooking.
11:51 of 2nd period - Mikael Granlund wins face-off versus Steven Stamkos in New York Rangers zone.
12:01 of 2nd period - Wrist shot by Patrick Kane.
12:01 of 2nd period - Shot Misses the Net.
12:07 of 2nd period - Wrist shot by Patrick Kane.
12:07 of 2nd period - Shot Blocked by Dmitry Kulikov.
13:14 of 2nd period - Icing by Daniel Sprong.
13:15 of 2nd period - David Kampf wins face-off versus Mika Zibanejad in Detroit Red Wings zone.
13:50 of 2nd period - Penalty to Adam Larsson is over, Adam Larsson is back on ice.
15:08 of 2nd period - Wrist shot by Matthew Boldy.
15:08 of 2nd period - Stopped by Igor Shesterkin without a rebound.
15:09 of 2nd period - Mika Zibanejad wins face-off versus Cole Caufield in New York Rangers zone.
15:14 of 2nd period - Slapshot by Mika Zibanejad.
15:14 of 2nd period - Stopped by Igor Shesterkin with a rebound.
15:16 of 2nd period - Wrist shot by Shayne Gostisbehere.
15:16 of 2nd period - Stopped by Igor Shesterkin with a rebound.
15:28 of 2nd period - Wrist shot by Mika Zibanejad.
15:28 of 2nd period - Stopped by Igor Shesterkin without a rebound.
15:29 of 2nd period - Steven Stamkos wins face-off versus Pierre-Luc Dubois in New York Rangers zone.
15:38 of 2nd period - Snap shot by Pierre-Luc Dubois.
15:38 of 2nd period - Shot Misses the Net.
15:44 of 2nd period - Wrist shot by Pierre-Luc Dubois.
15:44 of 2nd period - Shot Misses the Net.
15:46 of 2nd period - Snap shot by Mikael Granlund.
15:46 of 2nd period - Stopped by Vitek Vanecek with a rebound.
15:55 of 2nd period - Icing by Steven Stamkos.
15:56 of 2nd period - Mika Zibanejad wins face-off versus Nathan MacKinnon in Detroit Red Wings zone.
16:01 of 2nd period - Snap shot by Matthew Boldy.
16:01 of 2nd period - Deflect By Mika Zibanejad.
16:01 of 2nd period - Shot Blocked by Cole Caufield.
16:01 of 2nd period - Puck is out of play.
16:02 of 2nd period - Mika Zibanejad wins face-off versus Nathan MacKinnon in New York Rangers zone.
16:09 of 2nd period - Wrist shot by Carter Verhaeghe.
16:09 of 2nd period - Stopped by Igor Shesterkin with a rebound.
16:11 of 2nd period - Backhand shot by Kevin Shattenkirk.
16:11 of 2nd period - Shot Blocked by Matthew Benning.
16:13 of 2nd period - Wrist shot by Carter Verhaeghe.
16:13 of 2nd period - Shot Blocked by Jake McCabe.
16:15 of 2nd period - Snap shot by Carter Verhaeghe.
16:15 of 2nd period - Shot Blocked by Cole Caufield.
16:17 of 2nd period - Snap shot by MacKenzie Weegar.
16:17 of 2nd period - Stopped by Igor Shesterkin without a rebound.
16:18 of 2nd period - Steven Stamkos wins face-off versus Pierre-Luc Dubois in New York Rangers zone.
16:35 of 2nd period - Slapshot by Artemi Panarin.
16:35 of 2nd period - Deflect By Pierre-Luc Dubois.
16:35 of 2nd period - Shot Misses the Net.
16:35 of 2nd period - Puck is out of play.
16:36 of 2nd period - Anthony Cirelli wins face-off versus Mathew Barzal in Detroit Red Wings zone.
16:40 of 2nd period - Icing by Jared McCann.
16:41 of 2nd period - Anthony Cirelli wins face-off versus Nathan MacKinnon in Detroit Red Wings zone.
17:08 of 2nd period - Slapshot by Cam Fowler.
17:08 of 2nd period - Stopped by Vitek Vanecek without a rebound.
17:09 of 2nd period - Filip Chytil wins face-off versus Steven Stamkos in Detroit Red Wings zone.
17:15 of 2nd period - Minor Penalty to Jordie Benn for Delaying the game.
17:16 of 2nd period - Anthony Cirelli wins face-off versus Mikael Granlund in Detroit Red Wings zone.
17:49 of 2nd period - Snap shot by Nathan MacKinnon.
17:49 of 2nd period - Shot Misses the Net.
17:51 of 2nd period - Wrist shot by Pierre-Luc Dubois.
17:51 of 2nd period - Stopped by Vitek Vanecek without a rebound.
17:52 of 2nd period - Anthony Cirelli wins face-off versus Mikael Granlund in Detroit Red Wings zone.
18:33 of 2nd period - Anthony Cirelli is hit by Mark Giordano and loses puck.
19:15 of 2nd period - Penalty to Jordie Benn is over, Jordie Benn is back on ice.
19:55 of 2nd period - Zach Bogosian is hit by Gabriel Landeskog and loses puck.
Goals for this period are 0 for New York Rangers vs 1 for Detroit Red Wings.
Shots for this period are 12 for New York Rangers vs 22 for Detroit Red Wings.
3rd period
0:01 of 3rd period - Steven Stamkos wins face-off versus Pierre-Luc Dubois in neutral zone.
0:55 of 3rd period - Jared McCann is hit by Gabriel Landeskog and loses puck.
1:00 of 3rd period - Slapshot by Conor Garland.
1:00 of 3rd period - Stopped by Vitek Vanecek without a rebound.
1:01 of 3rd period - Steven Stamkos wins face-off versus Pierre-Luc Dubois in Detroit Red Wings zone.
1:37 of 3rd period - Wrist shot by Matthew Boldy.
1:37 of 3rd period - Shot Blocked by Nathan MacKinnon.
3:37 of 3rd period - Wrist shot by Josh Bailey.
3:37 of 3rd period - Stopped by Igor Shesterkin without a rebound.
3:38 of 3rd period - Pierre-Luc Dubois wins face-off versus Steven Stamkos in New York Rangers zone.
3:43 of 3rd period - Dmitry Kulikov is hit by Patrick Kane and loses puck.
3:52 of 3rd period - Snap shot by Patrick Kane.
3:52 of 3rd period - Shot Misses the Net.
3:54 of 3rd period - Snap shot by Zach Bogosian.
3:54 of 3rd period - Deflect By Mikael Granlund.
3:54 of 3rd period - Stopped by Igor Shesterkin with a rebound.
4:04 of 3rd period - Mika Zibanejad is hit by Nathan MacKinnon and loses puck.
4:36 of 3rd period - Jake McCabe is hit by Anthony Cirelli and loses puck.
6:22 of 3rd period - Backhand shot by Eric Robinson.
6:22 of 3rd period - Shot Misses the Net.
6:24 of 3rd period - Snap shot by Eric Robinson.
6:24 of 3rd period - Shot Blocked by Shayne Gostisbehere.
6:26 of 3rd period - Wrist shot by Eric Robinson.
6:26 of 3rd period - Stopped by Vitek Vanecek without a rebound.
6:27 of 3rd period - Steven Stamkos wins face-off versus Nathan MacKinnon in Detroit Red Wings zone.
7:14 of 3rd period - Jared McCann is hit by Jake McCabe and loses puck.
7:35 of 3rd period - Slapshot by Kevin Shattenkirk.
7:35 of 3rd period - Stopped by Igor Shesterkin without a rebound.
7:36 of 3rd period - Steven Stamkos wins face-off versus Nathan MacKinnon in New York Rangers zone.
7:42 of 3rd period - Minor Penalty to Dmitry Kulikov for Tripping.
7:43 of 3rd period - Mika Zibanejad wins face-off versus Eric Robinson in New York Rangers zone.
7:49 of 3rd period - Snap shot by Mika Zibanejad.
7:49 of 3rd period - Shot Misses the Net.
7:51 of 3rd period - Slapshot by MacKenzie Weegar.
7:51 of 3rd period - Stopped by Igor Shesterkin with a rebound.
7:53 of 3rd period - Slapshot by Kevin Shattenkirk.
7:53 of 3rd period - Stopped by Igor Shesterkin without a rebound.
7:54 of 3rd period - Steven Stamkos wins face-off versus Mikael Granlund in New York Rangers zone.
9:01 of 3rd period - Matthew Benning is hit by Mika Zibanejad and loses puck.
9:42 of 3rd period - Penalty to Dmitry Kulikov is over, Dmitry Kulikov is back on ice.
10:09 of 3rd period - Icing by Jonathan Huberdeau.
10:10 of 3rd period - Anthony Cirelli wins face-off versus Filip Chytil in Detroit Red Wings zone.
10:20 of 3rd period - Slapshot by Jared McCann.
10:20 of 3rd period - Shot Misses the Net.
10:22 of 3rd period - Snap shot by Anthony Cirelli.
10:22 of 3rd period - Shot Blocked by Conor Garland.
10:24 of 3rd period - Slapshot by MacKenzie Weegar.
10:24 of 3rd period - Stopped by Igor Shesterkin with a rebound.
10:26 of 3rd period - Snap shot by Jared McCann.
10:26 of 3rd period - Goal by Jared McCann - New York Rangers : 1 - Detroit Red Wings : 2.
10:27 of 3rd period - Steven Stamkos wins face-off versus Pierre-Luc Dubois in neutral zone.
11:17 of 3rd period - Wrist shot by Gabriel Landeskog.
11:17 of 3rd period - Stopped by Vitek Vanecek with a rebound.
11:41 of 3rd period - Snap shot by Arthur Kaliyev.
11:41 of 3rd period - Shot Misses the Net.
11:43 of 3rd period - Wrist shot by Josh Bailey.
11:43 of 3rd period - Shot Blocked by Eric Robinson.
11:45 of 3rd period - Slapshot by Arthur Kaliyev.
11:45 of 3rd period - Shot Misses the Net.
11:55 of 3rd period - Mikael Granlund is hit by Steven Stamkos and loses puck.
12:34 of 3rd period - Icing by Mika Zibanejad.
12:35 of 3rd period - Filip Chytil wins face-off versus Mika Zibanejad in Detroit Red Wings zone.
12:40 of 3rd period - Snap shot by Gabriel Landeskog.
12:40 of 3rd period - Stopped by Vitek Vanecek without a rebound.
12:41 of 3rd period - Steven Stamkos wins face-off versus Pierre-Luc Dubois in Detroit Red Wings zone.
13:08 of 3rd period - Wrist shot by Gabriel Landeskog.
13:08 of 3rd period - Stopped by Vitek Vanecek without a rebound.
13:09 of 3rd period - Matthew Boldy wins face-off versus Filip Chytil in Detroit Red Wings zone.
13:25 of 3rd period - Icing by Gabriel Landeskog.
13:26 of 3rd period - Steven Stamkos wins face-off versus Filip Chytil in New York Rangers zone.
13:39 of 3rd period - MacKenzie Weegar is hit by Gabriel Landeskog and loses puck.
13:48 of 3rd period - Slapshot by Conor Garland.
13:48 of 3rd period - Shot Misses the Net.
13:50 of 3rd period - Wrist shot by Gabriel Landeskog.
13:50 of 3rd period - Shot Misses the Net.
13:52 of 3rd period - Slapshot by Jake McCabe.
13:52 of 3rd period - Shot Blocked by MacKenzie Weegar.
13:58 of 3rd period - Snap shot by Conor Garland.
13:58 of 3rd period - Goal by Conor Garland - New York Rangers : 2 - Detroit Red Wings : 2.
13:59 of 3rd period - Nathan MacKinnon wins face-off versus Patrick Kane in neutral zone.
14:07 of 3rd period - Minor Penalty to Mark Giordano for Hooking.
14:08 of 3rd period - Mikael Granlund wins face-off versus Mika Zibanejad in New York Rangers zone.
14:18 of 3rd period - Wrist shot by Tyler Motte.
14:18 of 3rd period - Stopped by Vitek Vanecek without a rebound.
14:19 of 3rd period - Patrick Kane wins face-off versus David Kampf in Detroit Red Wings zone.
14:19 of 3rd period - Patrick Kane is hit by Adam Larsson.
15:28 of 3rd period - Carter Verhaeghe is hit by Eric Robinson and loses puck.
16:07 of 3rd period - Penalty to Mark Giordano is over, Mark Giordano is back on ice.
16:26 of 3rd period - Slapshot by Matthew Benning.
16:26 of 3rd period - Shot Misses the Net.
17:34 of 3rd period - Filip Chytil is hit by Jordie Benn and loses puck.
17:59 of 3rd period - Matthew Boldy is hit by Mathew Barzal and loses puck.
19:08 of 3rd period - Patrick Kane is hit by Adam Larsson and loses puck.
19:58 of 3rd period - Gabriel Landeskog is hit by Kevin Shattenkirk and loses puck.
Goals for this period are 1 for New York Rangers vs 1 for Detroit Red Wings.
Shots for this period are 7 for New York Rangers vs 7 for Detroit Red Wings.
Overtime #1
0:01 of 1st overtime period - Mika Zibanejad wins face-off versus Nathan MacKinnon in neutral zone.
0:12 of 1st overtime period - Snap shot by Carter Verhaeghe.
0:12 of 1st overtime period - Stopped by Igor Shesterkin without a rebound.
0:13 of 1st overtime period - Pierre-Luc Dubois wins face-off versus Mika Zibanejad in New York Rangers zone.
0:48 of 1st overtime period - Wrist shot by Nathan MacKinnon.
0:48 of 1st overtime period - Stopped by Vitek Vanecek without a rebound.
0:49 of 1st overtime period - Mika Zibanejad wins face-off versus Nathan MacKinnon in Detroit Red Wings zone.
1:42 of 1st overtime period - Off-side.
1:43 of 1st overtime period - Josh Bailey wins face-off versus Pierre-Luc Dubois in neutral zone.
2:09 of 1st overtime period - Artemi Panarin is hit by MacKenzie Weegar and loses puck.
2:17 of 1st overtime period - Icing by Cam Fowler.
2:18 of 1st overtime period - Steven Stamkos wins face-off versus Nathan MacKinnon in New York Rangers zone.
2:33 of 1st overtime period - Snap shot by Pierre-Luc Dubois.
2:33 of 1st overtime period - Shot Misses the Net.
2:46 of 1st overtime period - Slapshot by Dmitry Kulikov.
2:46 of 1st overtime period - Deflect By Matthew Boldy.
2:46 of 1st overtime period - Stopped by Vitek Vanecek without a rebound.
2:47 of 1st overtime period - Steven Stamkos wins face-off versus Nathan MacKinnon in Detroit Red Wings zone.
2:52 of 1st overtime period - Wrist shot by Matthew Boldy.
2:52 of 1st overtime period - Shot Blocked by Nathan MacKinnon.
3:00 of 1st overtime period - Snap shot by Nathan MacKinnon.
3:00 of 1st overtime period - Stopped by Vitek Vanecek without a rebound.
3:01 of 1st overtime period - Pierre-Luc Dubois wins face-off versus Mika Zibanejad in Detroit Red Wings zone.
3:02 of 1st overtime period - Wrist shot by Cole Caufield.
3:02 of 1st overtime period - Stopped by Vitek Vanecek without a rebound.
3:03 of 1st overtime period - Pierre-Luc Dubois wins face-off versus Mika Zibanejad in Detroit Red Wings zone.
3:12 of 1st overtime period - Slapshot by Cole Caufield.
3:12 of 1st overtime period - Shot Misses the Net.
3:14 of 1st overtime period - Snap shot by Cole Caufield.
3:14 of 1st overtime period - Deflect By Pierre-Luc Dubois.
3:14 of 1st overtime period - Shot Blocked by Mika Zibanejad.
3:14 of 1st overtime period - Puck is out of play.
3:15 of 1st overtime period - Pierre-Luc Dubois wins face-off versus Mika Zibanejad in Detroit Red Wings zone.
3:24 of 1st overtime period - Wrist shot by Cole Caufield.
3:24 of 1st overtime period - Stopped by Vitek Vanecek with a rebound.
3:28 of 1st overtime period - Backhand shot by Cole Caufield.
3:28 of 1st overtime period - Shot Misses the Net.
3:30 of 1st overtime period - Snap shot by Dmitry Kulikov.
3:30 of 1st overtime period - Shot Misses the Net.
3:50 of 1st overtime period - Wrist shot by Artemi Panarin.
3:50 of 1st overtime period - Stopped by Vitek Vanecek without a rebound.
3:51 of 1st overtime period - Nathan MacKinnon wins face-off versus Steven Stamkos in Detroit Red Wings zone.
Goals for this period are 0 for New York Rangers vs 0 for Detroit Red Wings.
Shots for this period are 6 for New York Rangers vs 1 for Detroit Red Wings.
ShootOut
5:00 of 1st overtime period - Round #1.
5:00 of 1st overtime period - New York Rangers, Artemi Panarin.
5:00 of 1st overtime period - Wrist shot by Artemi Panarin.
5:00 of 1st overtime period - Goal by Artemi Panarin.
5:00 of 1st overtime period - Detroit Red Wings, Mika Zibanejad.
5:00 of 1st overtime period - Snap shot by Mika Zibanejad.
5:00 of 1st overtime period - Stopped by Igor Shesterkin.
5:00 of 1st overtime period - Round #2.
5:00 of 1st overtime period - New York Rangers, Cole Caufield.
5:00 of 1st overtime period - Wrist shot by Cole Caufield.
5:00 of 1st overtime period - Goal by Cole Caufield.
5:00 of 1st overtime period - Detroit Red Wings, Steven Stamkos.
5:00 of 1st overtime period - Backhand shot by Steven Stamkos.
5:00 of 1st overtime period - Stopped by Igor Shesterkin.
5:00 of 1st overtime period - Round #3.
Back to the Top